[Event "Team 45 45 League T26"]
[Site "Internet Chess Club"]
[Date "2005.03.20"]
[Round "1"]
[White "ARONOVICH"]
[Black "GolferBob"]
[Result "1-0"]
[WhiteElo "1746"]
[BlackElo "1641"]
[TimeControl "2700+45"]

1. e4 c5 2. Nf3 Nc6 3. d4 cxd4 4. Nxd4 Nf6 5. Nc3 e5 6. Ndb5 d6 7. Bg5 a6 8.
Bxf6 gxf6 9. Na3 b5 10. Nd5 f5 11. Bd3 Be6 12. c3 Bxd5 13. exd5 Ne7 14. O-O Bg7
15. Nc2 e4 16. Be2 O-O 17. f3 Qb6+ 18. Kh1 Qc5 19. fxe4 fxe4 20. Qe1 Qxd5 21.
Ne3 Qg5 22. Ng4 f5 23. h4 Qg6 24. Nh2 Be5 25. Rd1 Qg3 26. Qxg3+ Bxg3 27. c4 bxc4
28. Bxc4+ Kg7 29. Be6 Rab8 30. b3 Rb6 31. Rc1 Rb7 32. Rfd1 e3 33. Bc4 Be5 34.
Nf3 Bf4 35. Be2 Rf6 36. Rc4 Bg3 37. Nd4 Be5 38. Bf3 Rd7 39. g4 Bxd4 40. Rdxd4
fxg4 41. Rxg4+ Kf7 42. Kg2 Rg6 43. h5 Rxg4+ 44. Bxg4 Rd8 45. Rf4+ Kg7 46. Be6
Rf8 47. h6+ Kxh6 48. Rxf8 {Black resigns} 1-0

[Event "Team 45 45 League T26"]
[Site "Internet Chess Club"]
[Date "2005.03.18"]
[Round "1"]
[White "vvsi"]
[Black "Cantemir"]
[Result "1-0"]
[WhiteElo "1617"]
[BlackElo "1570"]
[TimeControl "2700+45"]

1. e4 e6 2. d4 d5 3. Nd2 c5 4. exd5 cxd4 5. Bb5+ Nd7 6. dxe6 Qe7 7. Qg4 Nf6 8.
Qxd4 Qxe6+ 9. Ne2 a6 10. Bc4 Qc6 11. Qe3+ Be7 12. O-O b5 13. Nd4 Qc5 14. Bd3 Nd5
15. Qe4 N7f6 16. Qe5 Be6 17. Nxe6 fxe6 18. Ne4 Nxe4 19. Bxe4 Rd8 20. Qxe6 Rd6
21. Qh3 Nf6 22. Bd3 O-O 23. Be3 Qc7 24. Bf4 Qd7 25. Bxd6 Qxh3 26. gxh3 Bxd6 27.
Rad1 Bc5 28. Rfe1 Nh5 29. Rd2 Nf4 30. Re5 Nxh3+ 31. Kg2 Nf4+ 32. Kg3 Nxd3 33.
Rxd3 Bxf2+ 34. Kg2 Bh4 35. Rd2 Bf6 36. Red5 h6 37. b3 Kh7 38. Rd6 Ra8 39. Re2 b4
40. Ree6 a5 41. Ra6 Rd8 42. Red6 Rc8 43. Rac6 Ra8 44. Rd7 Kg6 45. Rd5 a4 46. Rb6
axb3 47. axb3 Ra2 48. Rd2 Kh5 49. Rxb4 g5 50. Re2 Bc3 51. Rc4 Ba5 52. Ra4 Rxa4
53. bxa4 Kg4 54. c4 h5 55. Rc2 Bb6 56. c5 Bc7 57. c6 Kf4 58. Ra2 Ke5 59. a5 Kd6
60. a6 Kxc6 61. a7 h4 62. a8=Q+ Kd7 63. Ra7 Kd6 64. Rxc7 Kxc7 65. Qg8 {Black
resigns} 1-0

[Event "Team 45 45 League T26"]
[Site "Internet Chess Club"]
[Date "2005.03.21"]
[Round "1"]
[White "pokerram"]
[Black "Gardener"]
[Result "1-0"]
[WhiteElo "1527"]
[BlackElo "1562"]
[TimeControl "2700+45"]

1. d4 e6 2. c4 d5 3. Nf3 Nf6 4. cxd5 exd5 5. Bg5 Be7 6. Nc3 c6 7. e3 Bg4 8. Be2
Nbd7 9. O-O h6 10. Bh4 Qc7 11. Bg3 Bd6 12. Bxd6 Qxd6 13. Ne1 Bxe2 14. Qxe2 O-O
15. Nd3 Rfe8 16. Qd2 Ne4 17. Nxe4 Rxe4 18. f3 Re7 19. Nf2 Nf6 20. Rae1 Rae8 21.
Re2 c5 22. Rfe1 b6 23. dxc5 bxc5 24. e4 Kf8 25. f4 Qa6 26. e5 Nh5 27. b3 Qg6 28.
Nd3 Qg5 29. fxg5 {Black resigns} 1-0

[Event "Team 45 45 League T26"]
[Site "Internet Chess Club"]
[Date "2005.03.16"]
[Round "1"]
[White "ChessicStudent"]
[Black "rgadoury"]
[Result "1-0"]
[WhiteElo "1530"]
[BlackElo "1414"]
[TimeControl "2700+45"]

1. Nf3 c6 2. g3 d5 3. Bg2 Nd7 4. O-O e5 5. d3 Be7 6. e4 Ngf6 7. Qe2 O-O 8. exd5
cxd5 9. Nxe5 Nxe5 10. Qxe5 Be6 11. Bg5 Ng4 12. Bxe7 Qxe7 13. Qe2 Nf6 14. Bh3
Rfe8 15. Bxe6 Qxe6 16. Qxe6 Rxe6 17. Nd2 Rc8 18. Rac1 b5 19. Nf3 h6 20. Nd4 Rb6
21. Rfe1 Re8 22. Rxe8+ Nxe8 23. Re1 Nf6 24. Re7 a6 25. c3 g6 26. Nc2 a5 27. Ra7
a4 28. Ra5 Ne8 29. Nd4 Nd6 30. Kg2 Kg7 31. Kf3 Kf6 32. Nc2 h5 33. Nb4 Ke6 34.
Ke3 Nb7 35. Ra8 Nd6 36. Kd4 Nb7 37. Nxd5 Rd6 38. Re8+ Kd7 39. Re7+ Kc6 40. Rc7#
{Black checkmated} 1-0

[Event "Team 45 45 League T26"]
[Site "Internet Chess Club"]
[Date "2005.03.18"]
[Round "1"]
[White "softbunney"]
[Black "Catalog"]
[Result "0-1"]
[WhiteElo "2093"]
[BlackElo "2113"]
[TimeControl "2700+45"]

1. d4 Nf6 2. c4 g6 3. Nc3 Bg7 4. e4 d6 5. f3 O-O 6. Bg5 a6 7. Qd2 Nc6 8. Nge2
Rb8 9. Bh6 e5 10. Bxg7 Kxg7 11. d5 Na5 12. Nc1 c5 13. dxc6 bxc6 14. b3 Be6 15.
Bd3 d5 16. cxd5 cxd5 17. exd5 Bxd5 18. Bxa6 Qc7 19. Be2 Be6 20. O-O Nc6 21. Nb5
Rxb5 22. Bxb5 Qb6+ 23. Qf2 Qxb5 24. Ne2 Nd5 25. Rfc1 Ncb4 26. Qc5 Qxe2 27. Re1
Qc2 28. Qb5 Nd3 {White resigns} 0-1

[Event "Team 45 45 League T26"]
[Site "Internet Chess Club"]
[Date "2005.03.20"]
[Round "1"]
[White "EdBorowski"]
[Black "Akaineco"]
[Result "1-0"]
[WhiteElo "2059"]
[BlackElo "1994"]
[TimeControl "2700+45"]

1. Nf3 f5 2. d4 Nf6 3. c4 g6 4. Nc3 Bg7 5. Qc2 d6 6. e4 fxe4 7. Nxe4 Nc6 8.
Nxf6+ exf6 9. Be3 O-O 10. a3 Bg4 11. Be2 Qe7 12. O-O-O a5 13. d5 Bf5 14. Bd3
Bxd3 15. Qxd3 Ne5 16. Nxe5 fxe5 17. h4 h6 18. Qxg6 Rf6 19. Qc2 Qd7 20. g4 Qxg4
21. Rdg1 Qh5 22. Rg2 Raf8 23. Rhg1 R8f7 24. Rg4 Kh8 25. Qa4 c6 26. dxc6 bxc6 27.
Qxc6 Kh7 28. Qg2 Bf8 29. Rf4 Rg7 30. Qe4+ Kh8 31. Rxg7 Bxg7 32. Qa8+ Kh7 33.
Rxf6 Bxf6 34. Qf8 Bxh4 35. Qxd6 Bg5 36. Qxe5 Bxe3+ 37. Qxe3 Qh4 38. c5 Qc4+ 39.
Kb1 Qf1+ 40. Ka2 Qc4+ 41. Kb1 Qf1+ 42. Qc1 Qa6 43. c6 Kg7 44. c7 Qc8 45. Qc3+
Kf7 46. Qxa5 Ke7 47. Kc2 h5 48. Qc5+ Kf6 49. Qd6+ Kg7 50. Kc1 Qf5 51. Qe7+ Kh6
52. Qe3+ Kh7 53. f3 Qh3 54. Qe7+ Kh6 55. Qf8+ Kg6 56. c8=Q Qf1+ 57. Kc2 Qe2+ 58.
Kb1 Qd1+ 59. Qc1 Qxc1+ 60. Kxc1 {Black resigns} 1-0

[Event "Team 45 45 League T26"]
[Site "Internet Chess Club"]
[Date "2005.03.20"]
[Round "1"]
[White "Zornorph"]
[Black "Aldos"]
[Result "0-1"]
[WhiteElo "1977"]
[BlackElo "2039"]
[TimeControl "2700+45"]

1. Nf3 Nf6 2. c4 g6 3. Nc3 Bg7 4. g3 O-O 5. Bg2 d6 6. O-O Nbd7 7. d4 e5 8. d5 a5
9. b3 e4 10. Nd4 Nc5 11. Bb2 Re8 12. Qd2 Ng4 13. Nc2 Qe7 14. f3 exf3 15. exf3
Ne5 16. Nd1 Ned3 17. Bxg7 Kxg7 18. Nde3 Bd7 19. Rad1 Nb4 20. Rfe1 Qf6 21. Nxb4
axb4 22. Re2 Bf5 23. Nxf5+ Qxf5 24. Rde1 Rxe2 25. Rxe2 Qb1+ 26. Bf1 Nd3 27. f4
Nc5 28. Qd4+ Kg8 29. Qf6 Ne4 30. Qe7 Nc3 31. Re1 Qxa2 32. Qxc7 Qd2 33. Qe7 Ra2
34. Qd8+ Kg7 {White resigns} 0-1

[Event "Team 45 45 League T26"]
[Site "Internet Chess Club"]
[Date "2005.03.18"]
[Round "1"]
[White "KnightedByQueen"]
[Black "tgralex"]
[Result "0-1"]
[WhiteElo "1647"]
[BlackElo "1840"]
[TimeControl "2700+45"]

1. e4 e5 2. Nf3 Nc6 3. Nc3 Bc5 4. Bc4 h6 5. a3 d6 6. h3 Nge7 7. d3 O-O 8. Be3
Bb6 9. Bxb6 axb6 10. O-O Kh8 11. Ne2 f5 12. exf5 Nxf5 13. g4 Nh4 14. Nxh4 Qxh4
15. Kg2 Rf6 16. f4 h5 17. Qe1 Qxe1 18. Raxe1 hxg4 19. h4 Bd7 20. Bd5 Ne7 21. Ba2
Nf5 22. Kf2 Nxh4 23. Rh1 g5 24. Bd5 c6 25. Bg2 exf4 26. Nxf4 Rxf4+ 27. Kg3 Rf7
28. Be4 Kg7 29. Rxh4 gxh4+ 30. Kxh4 Rh8+ 31. Kg5 Rg8 32. Bg6 Kf8 33. Kh5 Rf6 34.
Bh7 Rg7 35. Be4 Rf2 36. Kh4 g3 37. Rh1 g2 38. Rg1 Rf4+ 39. Kh5 Be8+ {White
resigns} 0-1

[Event "Team 45 45 League T26"]
[Site "Internet Chess Club"]
[Date "2005.03.20"]
[Round "1"]
[White "Zap"]
[Black "StrayLite"]
[Result "1/2-1/2"]
[WhiteElo "2138"]
[BlackElo "1962"]
[TimeControl "2700+45"]

1. e4 c5 2. Nf3 d6 3. d4 cxd4 4. Nxd4 Nf6 5. Nc3 a6 6. Be3 e5 7. Nb3 Be6 8. Be2
Be7 9. O-O O-O 10. f3 Nc6 11. Nd5 b5 12. c4 bxc4 13. Bxc4 Bxd5 14. Bxd5 Nxd5 15.
Qxd5 Nb4 16. Qd2 d5 17. exd5 Qxd5 18. Rfd1 Qxd2 19. Rxd2 Rfd8 20. a3 Rxd2 21.
Bxd2 Nd3 22. Bc3 f6 23. Rd1 Rd8 24. Kf1 Kf7 25. g3 Ke6 26. Ke2 e4 27. fxe4 Ne5
28. Nd4+ Kf7 29. Nf5 Rxd1 30. Kxd1 Ng4 31. Ke2 Nxh2 32. Ne3 h5 33. b4 Ng4 34.
Nxg4 hxg4 35. Kd3 Bd6 36. Be1 Ke6 37. Kd4 g6 38. a4 f5 39. exf5+ gxf5 40. b5
axb5 41. axb5 f4 42. gxf4 Bxf4 {Game drawn by mutual agreement} 1/2-1/2

[Event "Team 45 45 League T26"]
[Site "Internet Chess Club"]
[Date "2005.03.20"]
[Round "1"]
[White "kabindra"]
[Black "billarvola"]
[Result "1/2-1/2"]
[WhiteElo "1919"]
[BlackElo "1958"]
[TimeControl "2700+45"]

1. e4 c6 2. d4 d5 3. exd5 cxd5 4. Nc3 Nc6 5. Nf3 Bg4 6. Be2 e6 7. a3 Qb6 8. Be3
Nf6 9. O-O Be7 10. b4 Bxf3 11. Bxf3 O-O 12. h3 Rac8 13. Qd2 Ne8 14. Ne2 Nd6 15.
c3 Nc4 16. Qd3 a5 17. Rfb1 axb4 18. axb4 Ra8 19. Ng3 Rfc8 20. Bd1 g6 21. Rxa8
Rxa8 22. Bb3 Nd6 23. Bc2 Qb5 24. Qd1 Bf6 25. Ra1 Rxa1 26. Qxa1 Qa6 27. Qxa6 bxa6
28. Bd3 Nb5 29. Bxb5 axb5 30. Ne2 Kf8 31. Nc1 e5 32. dxe5 Bxe5 33. Bc5+ Ke8 34.
Ne2 Kd7 35. Nd4 Bxd4 36. Bxd4 Ke6 37. g4 f5 38. f3 fxg4 39. hxg4 Nxd4 40. cxd4
h5 41. Kg2 hxg4 42. fxg4 g5 {Game drawn by mutual agreement} 1/2-1/2

[Event "Team 45 45 League T26"]
[Site "Internet Chess Club"]
[Date "2005.03.19"]
[Round "1"]
[White "nightflier"]
[Black "DocHoliday"]
[Result "1-0"]
[WhiteElo "1863"]
[BlackElo "1877"]
[TimeControl "2700+45"]

1. d4 d5 2. c4 e6 3. Nc3 Nf6 4. Nf3 c6 5. e3 Bb4 6. Bd3 Nbd7 7. O-O O-O 8. a3
Bd6 9. e4 dxc4 10. Bxc4 e5 11. h3 Qe7 12. Be3 exd4 13. Bxd4 Ne5 14. Nxe5 Bxe5
15. f4 Bxd4+ 16. Qxd4 Rd8 17. Qe3 Be6 18. Be2 Bd5 19. e5 Ne8 20. Nxd5 Rxd5 21.
Bc4 Rdd8 22. Rae1 Nc7 23. f5 Nd5 24. Qf2 Qf8 25. f6 g6 26. e6 Re8 27. e7 Qh6 28.
Bxd5 cxd5 29. Re5 Rac8 30. Rxd5 a6 31. Rfd1 Rc1 32. Kh2 Rxd1 33. Rxd1 Qg5 34.
Rd8 Qb5 35. Qd4 {Black resigns} 1-0

[Event "Team 45 45 League T26"]
[Site "Internet Chess Club"]
[Date "2005.03.22"]
[Round "1"]
[White "PaulKaspar"]
[Black "nminwalla"]
[Result "1-0"]
[WhiteElo "1829"]
[BlackElo "1830"]
[TimeControl "2700+45"]

1. e4 c5 2. Nf3 d6 3. c3 Nf6 4. Bb5+ Nc6 5. Bxc6+ bxc6 6. d3 Ba6 7. O-O c4 8.
dxc4 Nxe4 9. Re1 Nf6 10. Nd4 Qc7 11. b3 g6 12. Bg5 Bg7 13. Qf3 Bb7 14. Bxf6
{Black resigns} 1-0

[Event "Team 45 45 League T26"]
[Site "Internet Chess Club"]
[Date "2005.03.21"]
[Round "1"]
[White "smooth-moves04"]
[Black "steve"]
[Result "0-1"]
[WhiteElo "1917"]
[BlackElo "1919"]
[TimeControl "2700+45"]

1. b4 e5 2. Bb2 Bxb4 3. Bxe5 Nf6 4. c4 O-O 5. Nf3 d5 6. cxd5 Nxd5 7. e3 Re8 8.
Bb2 Bg4 9. Be2 Rxe3 10. fxe3 Nxe3 11. Qb3 Qe7 12. Kf2 Nxg2 13. Rg1 Nf4 14. Rxg4
Qxe2+ 15. Kg3 Nh5+ 16. Kh4 Be7+ 17. Kxh5 g6+ 18. Kh6 Nc6 19. Qe3 Qb5 20. Ng5
Bf8+ 21. Bg7 Bxg7# {White checkmated} 0-1

[Event "Team 45 45 League T26"]
[Site "Internet Chess Club"]
[Date "2005.03.20"]
[Round "1"]
[White "ears"]
[Black "Irvin"]
[Result "0-1"]
[WhiteElo "1661"]
[BlackElo "1797"]
[TimeControl "2700+45"]

1. e4 c5 2. Nf3 d6 3. c4 Nf6 4. Nc3 Bg4 5. h3 Bh5 6. Be2 Nc6 7. g4 Bg6 8. d3 e6
9. Be3 Be7 10. Qd2 a6 11. Rb1 d5 12. cxd5 exd5 13. exd5 Nxd5 14. Nxd5 Qxd5 15.
O-O c4 16. Rbd1 cxd3 17. Bxd3 Qxf3 18. Be2 Qe4 19. Qd7+ Kf8 20. Bb6 Ne5 21. Qc7
Qxe2 22. Rd7 Nxd7 23. Qxd7 Be4 24. Rc1 Bc6 25. Qd4 Qf3 {White resigns} 0-1

[Event "Team 45 45 League T26"]
[Site "Internet Chess Club"]
[Date "2005.03.19"]
[Round "1"]
[White "Aquaman"]
[Black "Budzo"]
[Result "0-1"]
[WhiteElo "1675"]
[BlackElo "1737"]
[TimeControl "2700+45"]

1. d4 d5 2. e4 e6 3. Nc3 Bb4 4. Bd3 dxe4 5. Bxe4 Nf6 6. Bg5 h6 7. Bxf6 Qxf6 8.
Ne2 O-O 9. O-O c6 10. Qd2 Nd7 11. Qe3 Qe7 12. a3 Bd6 13. Ng3 Nf6 14. Bd3 e5 15.
dxe5 Qxe5 16. Qxe5 Bxe5 17. Nge2 Be6 18. h3 Nd5 19. Nxd5 Bxd5 20. c3 Rad8 21.
Rad1 Rfe8 22. Nc1 a6 23. Bc2 Bc7 24. Nb3 Bb6 25. Nc1 Bc7 26. Bd3 b5 27. Bc2 Bb6
28. Bb3 Bxb3 29. Nxb3 Rxd1 30. Rxd1 Re2 31. Rd2 Bxf2+ 32. Kf1 Rxd2 33. Nxd2 Bb6
34. Ke2 Kf8 35. b4 Ke7 36. Kd3 Ke6 37. g4 Ke5 38. Ne4 f6 39. Ng3 g6 40. Ne2 f5
41. gxf5 gxf5 42. h4 f4 43. h5 f3 44. Nc1 f2 45. Ke2 Kf5 46. Nd3 Kg4 47. Ne5+
Kg3 48. Kf1 Kh4 49. Nxc6 Kxh5 50. Ne5 Kh4 51. c4 Bc7 52. cxb5 axb5 53. Nf3+ Kg3
54. Nd4 h5 55. Nxb5 Be5 56. a4 h4 57. Na3 h3 58. Nc2 h2 59. Ne3 h1=Q+ 60. Ke2
Qe1+ 61. Kd3 f1=Q+ {White resigns} 0-1

[Event "Team 45 45 League T26"]
[Site "Internet Chess Club"]
[Date "2005.03.18"]
[Round "1"]
[White "clarnibass"]
[Black "KaissaXiaolin"]
[Result "1/2-1/2"]
[WhiteElo "1726"]
[BlackElo "1630"]
[TimeControl "2700+45"]

1. e4 d5 2. exd5 Nf6 3. d4 Bg4 4. f3 Bf5 5. Bb5+ Nbd7 6. c4 a6 7. Bxd7+ Qxd7 8.
Ne2 O-O-O 9. O-O e6 10. Nbc3 exd5 11. c5 Rg8 12. b4 g5 13. Ng3 g4 14. Nxf5 Qxf5
15. fxg4 Qxg4 16. Qxg4+ Nxg4 17. Rxf7 Rg7 18. Rf5 Be7 19. h3 Nf6 20. Bd2 Rdg8
21. Rf2 Ne4 22. Nxe4 dxe4 23. Raf1 Bh4 24. Rf8+ Rxf8 25. Rxf8+ Kd7 26. Be3 Be1
27. a3 Rg3 28. Bf2 Bxf2+ 29. Kxf2 Rxa3 30. Rf7+ Kc6 31. Rxh7 Ra4 32. g4 Rxb4 33.
Ke3 a5 34. g5 a4 35. g6 Rb3+ 36. Kxe4 Rg3 37. Rh8 Rxg6 38. Ra8 Kb5 39. Ra7 b6
40. Rxc7 a3 41. cxb6 Rxb6 42. Rc1 Ra6 43. d5 Rh6 44. Rh1 Kc5 45. h4 a2 46. h5
Rxh5 47. Ra1 Rh4+ 48. Kd3 Rh3+ 49. Kc2 Kxd5 50. Rxa2 Rh2+ {Game drawn by mutual
agreement} 1/2-1/2

[Event "Team 45 45 League T26"]
[Site "Internet Chess Club"]
[Date "2005.03.21"]
[Round "1"]
[White "Loco-Motif"]
[Black "fledermaus"]
[Result "0-1"]
[WhiteElo "1849"]
[BlackElo "1995"]
[TimeControl "2700+45"]

1. d4 d5 2. c4 e6 3. Nc3 c6 4. Nf3 Nf6 5. cxd5 exd5 6. Bg5 Be7 7. e3 Bf5 8. Nh4
Be6 9. Bd3 h6 10. Bxf6 Bxf6 11. Nf5 Qd7 12. Qc2 Na6 13. a3 g6 14. Ng3 O-O 15. b4
Nc7 16. Rc1 Rac8 17. h3 Ne8 18. Na4 Nd6 19. Nb2 b5 20. a4 a6 21. axb5 axb5 22.
Ra1 Ra8 23. O-O Nc4 24. Rfc1 Kg7 25. Nf1 Be7 26. Qb3 Qd6 27. Be2 Qxb4 28. Qxb4
Bxb4 29. Nd3 Bd6 30. Bf3 Bf5 31. Nc5 Bxc5 32. dxc5 Bd3 33. Rd1 Ne5 34. Nh2 Nxf3+
35. Nxf3 Be2 36. Rdc1 Bxf3 37. gxf3 Ra4 38. Rxa4 bxa4 39. Ra1 Ra8 40. Kf1 Kf6
41. Ra3 Ke5 42. Ke2 d4 43. e4 Ra5 44. h4 g5 45. h5 Kf4 46. Kd3 Kxf3 47. Kxd4+
Kxf2 48. Ra2+ Kf3 49. Ke5 Rxc5+ 50. Kd6 Ra5 51. Kxc6 a3 52. e5 g4 53. Kb6 Ra8
54. Kc5 g3 55. Kd6 g2 56. Ra1 a2 57. Ke7 Ra7+ 58. Kf6 Kf2 59. Kg7 g1=Q+ 60. Rxg1
Kxg1 61. Kxh6 a1=Q 62. e6 Qf6+ {White resigns} 0-1

[Event "Team 45 45 League T26"]
[Site "Internet Chess Club"]
[Date "2005.03.19"]
[Round "1"]
[White "bmw2002"]
[Black "Wevey"]
[Result "0-1"]
[WhiteElo "1655"]
[BlackElo "1830"]
[TimeControl "2700+45"]

1. c4 Nf6 2. Nc3 e5 3. Nf3 Nc6 4. g3 d5 5. cxd5 Nxd5 6. Bg2 Be6 7. O-O Nxc3 8.
bxc3 f6 9. d4 exd4 10. Nxd4 Nxd4 11. cxd4 c6 12. a4 Rb8 13. Qd3 Bd6 14. Be4 g6
15. Bb2 Kf7 16. Rad1 Qb6 17. Rb1 Ba2 18. d5 Bxb1 19. Rxb1 Qc7 20. Qc4 c5 21. Bc2
Rhe8 22. e4 Kg7 23. Rf1 Be5 24. Ba3 Bd4 25. Kg2 Qa5 26. Rd1 b5 27. axb5 Qxa3 28.
d6 Rbd8 29. Qd5 Rd7 30. Bb3 Red8 31. e5 Bxe5 32. Rd3 Qb4 33. f4 Bxd6 34. f5 Re7
35. fxg6 Qe4+ 36. Kf2 Qxd5 37. Rxd5 hxg6 38. Bc4 Bc7 39. Rxc5 Bb6 {White
resigns} 0-1

[Event "Team 45 45 League T26"]
[Site "Internet Chess Club"]
[Date "2005.03.19"]
[Round "1"]
[White "DaveTheRook"]
[Black "GoIrish"]
[Result "1-0"]
[WhiteElo "1636"]
[BlackElo "1527"]
[TimeControl "2700+45"]

1. d4 Nf6 2. c4 g6 3. Nc3 Bg7 4. e4 d6 5. f3 O-O 6. Be3 Na6 7. Qd2 c5 8. O-O-O
cxd4 9. Bxd4 Be6 10. g4 Nc5 11. g5 Nfd7 12. Bxg7 Kxg7 13. Qd4+ Kg8 14. Bh3 Bxh3
15. Nxh3 Ne5 16. f4 Nc6 17. Qd5 Qd7 18. Nf2 Nb4 19. Qxc5 Na6 20. Qb5 Qc8 21. Nd5
Re8 22. Kb1 Nc7 23. Nxc7 Qxc7 24. Rc1 a6 25. Qb4 d5 26. e5 d4 27. Rhd1 Qd7 28.
Nd3 Qf5 29. Ka1 Qe4 30. Qd2 Red8 31. c5 Rac8 32. Rc2 Rc6 33. Re1 Qf5 34. Qe2 a5
35. Qe4 Qe6 36. Rec1 Kg7 37. Rc4 Qd7 38. b3 b5 39. cxb6 Rxb6 40. Rc6 Rb7 41. e6
fxe6 42. Qe5+ Kg8 43. Rc7 Rxc7 44. Rxc7 Qd6 45. Qxa5 Rf8 46. Qc5 Qxc5 47. Rxc5
Rf5 48. Rxf5 exf5 49. a4 h6 50. h4 hxg5 51. hxg5 {Black resigns} 1-0

[Event "Team 45 45 League T26"]
[Site "Internet Chess Club"]
[Date "2005.03.21"]
[Round "1"]
[White "Zyme"]
[Black "StevieBlunder"]
[Result "0-1"]
[WhiteElo "1594"]
[BlackElo "1651"]
[TimeControl "2700+45"]

1. d4 Nf6 2. c4 c5 3. d5 e5 4. Nc3 d6 5. e4 Be7 6. Nf3 O-O 7. Be2 Ne8 8. O-O g6
9. Qd2 Ng7 10. Na4 f5 11. Qc2 f4 12. Bd2 Nd7 13. b4 b6 14. Rab1 Nf6 15. Nc3 Bd7
16. bxc5 bxc5 17. Rb7 Bc8 18. Rb2 Nd7 19. Rfb1 Ba6 20. Qa4 Qc8 21. Nb5 Nb6 22.
Qa3 Bxb5 23. Rxb5 g5 24. Ne1 Ne8 25. R5b3 Nf6 26. f3 Qe8 27. Qa6 Qd7 28. Ra3 h5
29. h3 g4 30. fxg4 hxg4 31. Rbb3 Nxe4 32. Bxg4 Qc7 33. Ba5 Rab8 34. Nf3 Bd8 35.
Nd2 Nf6 36. Be6+ Kg7 37. Bf5 Qf7 38. Ne4 Nxe4 39. Bxe4 Kf6 40. Bd2 Qb7 41. Qxa7
Qxa7 42. Rxa7 Rf7 43. Rxf7+ Kxf7 44. h4 Ra8 45. Be1 Rxa2 46. h5 Re2 47. Bg6+ Kg7
48. Ba5 Bh4 49. Bxb6 Bg3 50. Rb1 e4 51. Bc7 f3 52. gxf3 exf3 53. Kf1 Rf2+ 54.
Kg1 Rg2+ 55. Kf1 Rf2+ 56. Ke1 Rb2+ 57. Kd1 f2 58. Rxb2 f1=Q+ 59. Kc2 Qxc4+ 60.
Kb1 Be5 61. Rg2 Qf1+ {White resigns} 0-1

[Event "Team 45 45 League T26"]
[Site "Internet Chess Club"]
[Date "2005.03.21"]
[Round "1"]
[White "BaroneRosso"]
[Black "DeepHmmm"]
[Result "0-1"]
[WhiteElo "2020"]
[BlackElo "2142"]
[TimeControl "2700+45"]

1. d4 Nf6 2. c4 g6 3. Nc3 d5 4. Nf3 Bg7 5. Bg5 Ne4 6. cxd5 Nxg5 7. Nxg5 e6 8.
Nf3 exd5 9. b4 O-O 10. e3 c6 11. Bd3 Nd7 12. O-O Nb6 13. a4 Qe7 14. Qb3 Be6 15.
Rac1 Nc4 16. Bxc4 dxc4 17. Qb2 f5 18. Rfe1 Bd5 19. Nxd5 cxd5 20. Ne5 Rf6 21. f4
Rb6 22. Rb1 Bf8 23. b5 a6 24. Qc3 axb5 25. axb5 Ra3 26. Qc2 Qe8 27. Ra1 Qxb5 28.
Rab1 Rb3 29. Ra1 Ra6 30. Rab1 Raa3 31. g4 Qa5 32. gxf5 Ra2 33. Qd1 Rxb1 34. Qxb1
Qd2 {White resigns} 0-1

[Event "Team 45 45 League T26"]
[Site "Internet Chess Club"]
[Date "2005.03.19"]
[Round "1"]
[White "Squaredance"]
[Black "bobhill"]
[Result "0-1"]
[WhiteElo "1927"]
[BlackElo "1989"]
[TimeControl "2700+45"]

1. d4 d5 2. Nf3 Nf6 3. e3 c5 4. c3 Nc6 5. Bd3 Bg4 6. O-O e6 7. Nbd2 Qc7 8. Re1
O-O-O 9. dxc5 Bxc5 10. b4 Bd6 11. Be2 e5 12. g3 e4 13. Nd4 h5 14. Qa4 h4 15. Nf1
hxg3 16. hxg3 Rh3 17. Nxc6 bxc6 18. Qa6+ Kb8 19. Qa5 Bxg3 20. fxg3 Rxg3+ 21. Kf2
Rh3 22. Qxc7+ Kxc7 23. Bb2 Rdh8 24. c4 Bxe2 25. Kxe2 Rh2+ 26. Nxh2 Rxh2+ 27. Kd1
Rxb2 28. cxd5 cxd5 29. a3 Kd6 30. Re2 Rb3 31. Kc2 Rd3 32. a4 Ng4 33. Rae1 Ne5
34. Rg1 g6 35. Rg3 Nc4 36. Rh3 d4 37. Rh4 Nxe3+ 38. Kb2 Kd5 39. a5 f5 40. Rh7
Kc4 41. Rxa7 Rb3+ 42. Ka2 Rxb4 43. Ka3 Rb8 44. a6 Kd3 45. Rh2 Nc4+ 46. Ka4 e3
47. Re7 Rb1 48. Ra2 Kc3 49. Rb7 Nb6+ 50. Ka5 Nc4+ 51. Ka4 Rb6 52. Rxb6 Nxb6+ 53.
Kb5 Na8 54. Ra3+ Kd2 55. Ra2+ Kd3 56. Kc6 e2 57. Ra1 Kd2 58. Kb7 e1=Q 59. Rxe1
Kxe1 60. Kxa8 d3 61. Kb7 d2 62. a7 d1=Q 63. a8=Q Qf3+ 64. Kb8 Qxa8+ {White
resigns} 0-1

[Event "Team 45 45 League T26"]
[Site "Internet Chess Club"]
[Date "2005.03.21"]
[Round "1"]
[White "DTK"]
[Black "Neo-Myshkin"]
[Result "1/2-1/2"]
[WhiteElo "1937"]
[BlackElo "1901"]
[TimeControl "2700+45"]

1. e4 e6 2. d4 d5 3. Nc3 Bb4 4. e5 c5 5. a3 Bxc3+ 6. bxc3 Qc7 7. Qg4 Ne7 8. Qxg7
Rg8 9. Qxh7 cxd4 10. Ne2 Nbc6 11. f4 Bd7 12. Qd3 dxc3 13. Nxc3 a6 14. Rb1 Nf5
15. g4 Rxg4 16. Bh3 Nxe5 17. fxe5 Qxe5+ 18. Ne2 Re4 19. Bxf5 Qxf5 20. Rf1 Qg4
21. Qf3 Qxf3 22. Rxf3 Bb5 23. Rf2 Rc8 24. Kd1 Ba4 25. Rb2 b5 26. Bg5 Rec4 27.
Ng3 f5 28. Nh5 d4 29. Nf4 Kf7 30. Nd3 Rc3 31. Ne5+ Ke8 32. Ra2 d3 33. h4 dxc2+
34. Kc1 Rh3 35. Rf1 Rcc3 36. Kb2 Rb3+ 37. Ka1 Rxa3 38. Rxa3 Rxa3+ 39. Kb2 Rb3+
40. Ka2 Rc3 41. h5 Rh3 42. Rg1 Rxh5 43. Bf6 Kf8 44. Nd7+ Ke8 45. Ne5 Kf8 46.
Nd7+ Ke8 47. Ne5 {Game drawn by repetition} 1/2-1/2

[Event "Team 45 45 League T26"]
[Site "Internet Chess Club"]
[Date "2005.03.25"]
[Round "1"]
[White "Nomad"]
[Black "Lug"]
[Result "1/2-1/2"]
[WhiteElo "1915"]
[BlackElo "1897"]
[TimeControl "2700+45"]

1. e4 c5 2. Nc3 e6 3. Nf3 Nc6 4. d4 cxd4 5. Nxd4 Nf6 6. Be2 Bb4 7. O-O Bxc3 8.
bxc3 Nxe4 9. Qd3 d5 10. Bf3 Ne5 11. Qe3 Nxf3+ 12. gxf3 Nd6 13. Kh1 Qc7 14. Rg1
Rg8 15. Qe5 Nb5 16. Qh5 Nxd4 17. Qxh7 Rf8 18. cxd4 Qc3 19. Qxg7 Qxf3+ 20. Qg2
Qxg2+ 21. Rxg2 Bd7 22. Ba3 Rh8 23. Rag1 O-O-O 24. Rg7 Be8 25. Be7 Rd7 26. Bf6
Rh6 27. Be5 Rg6 28. Rg3 Kd8 29. h4 Rh6 30. Rh3 f6 31. Rxd7+ Bxd7 32. Bg3 e5 33.
Rh2 e4 34. Kg1 Bg4 35. f4 exf3 36. Kf2 f5 37. Rh1 Re6 38. Re1 Re2+ 39. Rxe2 fxe2
40. Ke3 Kd7 41. Kf4 Ke6 42. Kg5 Kf7 43. Bf2 Kg7 44. c3 b5 45. a3 a6 46. Bg3 Kf7
47. Be1 Kg7 48. Bd2 Kh7 49. h5 Kg7 50. h6+ Kh7 51. Kf6 f4 52. Kg5 f3 53. Be1 Be6
54. Kf4 Kxh6 55. Kxf3 Kg5 56. Kxe2 Kf4 {Game drawn by mutual agreement} 1/2-1/2

[Event "Team 45 45 League T26"]
[Site "Internet Chess Club"]
[Date "2005.03.18"]
[Round "1"]
[White "Ser-Enigma"]
[Black "fileman"]
[Result "1/2-1/2"]
[WhiteElo "1983"]
[BlackElo "1942"]
[TimeControl "2700+45"]

1. e4 Nc6 2. d4 e5 3. d5 Nce7 4. Nf3 Ng6 5. h4 h5 6. Bg5 Be7 7. Bxe7 Qxe7 8. Nc3
d6 9. Bb5+ Kf8 10. Qd2 Bg4 11. Ng5 f6 12. Nf3 Bxf3 13. gxf3 Nh6 14. O-O-O f5 15.
Qg5 Qxg5+ 16. hxg5 Nf7 17. exf5 Nf4 18. Rdg1 a6 19. Bd7 b5 20. Kd2 Nd8 21. Be6
Ke7 22. Ne2 Ndxe6 23. dxe6 Nxe2 24. Kxe2 g6 {Game drawn by mutual agreement}
1/2-1/2

[Event "Team 45 45 League T26"]
[Site "Internet Chess Club"]
[Date "2005.03.20"]
[Round "1"]
[White "LoseOften"]
[Black "SpanishFly"]
[Result "1/2-1/2"]
[WhiteElo "1831"]
[BlackElo "2021"]
[TimeControl "2700+45"]

1. e4 e6 2. d4 d5 3. Nc3 Nf6 4. Bg5 Be7 5. e5 Nfd7 6. Bxe7 Qxe7 7. f4 O-O 8. Nf3
c5 9. Qd2 Nc6 10. dxc5 Nxc5 11. O-O-O a6 12. Bd3 f5 13. g4 Nxd3+ 14. Qxd3 Bd7
15. gxf5 Rxf5 16. Ng5 Rxg5 17. fxg5 Qxg5+ 18. Kb1 Nxe5 19. Qd4 Nc6 20. Qb6 Qe7
21. Qxb7 Rb8 22. Qc7 Qb4 23. b3 Rb7 24. Qg3 Na5 25. Rhg1 Be8 26. Rdf1 Nc4 27.
Qe1 Qe7 28. Nxd5 exd5 29. Qxe7 Rxe7 30. bxc4 dxc4 31. Re1 Rb7+ 32. Kc1 Bg6 33.
Re6 c3 34. Rxa6 Rb2 35. Rg2 Be4 36. Rf2 h6 37. Ra7 Bd5 38. Rc7 Bxa2 39. Rxc3
Rb1+ 40. Kd2 Rb2 41. Rc7 Rb4 42. Rg2 g5 43. Re2 Bf7 44. Ree7 Rf4 45. Ke3 Kf8 46.
Rxf7+ Rxf7 47. Rxf7+ Kxf7 48. Ke4 Ke6 49. c4 h5 50. c5 h4 51. h3 Kd7 52. Kf5 Kc6
53. Kxg5 Kxc5 54. Kxh4 Kd6 55. Kg5 Ke7 56. Kg6 Kf8 57. Kh7 Kf7 58. h4 Kf8 59. h5
Kf7 60. Kh8 Kf8 61. h6 Kf7 62. Kh7 Kf8 63. Kh8 {Game drawn by mutual agreement}
1/2-1/2